AoeStats
← FDAGZ

Arabia

508818121Analyzed
3v3 RM · 8d ago on Sep 24, 2026· 69m 34s· 6 players
Game mode
Random Map
Map size
Normal (6 player)
Population
200
Speed
Normal
Resources
Standard
Victory
Conquest
Starting age
Dark Age
Ending age
Imperial Age
RankedLock teamsTeams togetherTeam positionsShared explorationLock speedFull tech treeHidden civsTurbo modeCheats
Victory
Defeat
🇨🇴 Britons · Colombia
819
+17
🇨🇴 Persians · Colombia
819
+17
🇨🇴 Khmer · Colombia
815
+17
🇨🇴 Italians · Colombia
882
-19
🇨🇴 Goths · Colombia
850
-17
🇨🇴 Franks · Colombia
782
-15
KH-6BKFA0
8:32 Loom
10:34 Feudal Age
13:28 Wheelbarrow
12:44 Double-Bit Axe
12:40 Horse Collar
22:04 Castle Age
20:53 Padded Archer Armor
20:43 Fletching
21:11 Gold Mining
21:12 Stone Mining
23:11 Hand Cart
23:36 Gold Shaft Mining
23:03 Heavy Plow
23:15 Bow Saw
26:12 Leather Archer Armor
30:14 Bodkin Arrow
33:16 Imperial Age
32:45 Ballistics
34:59 Chemistry
34:14 Caravan
34:53 Coinage
34:38 Town Watch
36:43 Two-Man Saw
35:30 Heavy Mounted Crossbowman
37:57 Ring Archer Armor
37:30 Cranequins
39:05 Conscription
39:57 Bracer
41:11 Hoardings
45:59 Yeomen
48:31 Town Patrol
48:44 Forging
48:34 Scale Mail Armor
48:03 Capped Ram
48:55 Husbandry
48:16 Light Cavalry
55:38 Iron Casting
55:18 Chain Mail Armor
55:09 Scale Barding Armor
55:50 Onager
56:58 Elite Skirmisher
57:54 Cavalier
KH-247HWU
9:41 Feudal Age
19:51 Castle Age
18:08 Loom
18:57 Double-Bit Axe
18:56 Horse Collar
24:55 Bloodlines
24:46 Husbandry
27:07 Scale Barding Armor
27:13 Forging
28:06 Heavy Plow
34:41 Imperial Age
36:04 Conscription
36:33 Elite Ballista Elephant
38:21 Wheelbarrow
38:29 Bow Saw
38:12 Gold Mining
38:47 Tusk Swords
39:24 Hand Cart
40:29 Stone Mining
41:15 Gold Shaft Mining
43:34 Chain Barding Armor
46:13 Town Watch
46:31 Cavalier
49:00 Chemistry
49:30 Double Crossbow
55:52 Heavy Scorpion
60:17 Capped Ram
61:55 Siege Ram
64:22 Plate Barding Armor
64:22 Iron Casting
63:38 Fletching
63:49 Padded Archer Armor
Riverasdfg
0:33 Loom
11:12 Feudal Age
11:48 Double-Bit Axe
16:47 Arson
18:16 Gold Mining
26:59 Castle Age
27:48 Bow Saw
27:21 Horse Collar
27:27 Elite Skirmisher
27:33 Light Cavalry
28:22 Scale Barding Armor
28:35 Forging
32:19 Pikeman
37:23 Husbandry
38:11 Gold Shaft Mining
37:27 Stone Mining
39:25 Bloodlines
39:35 Heavy Plow
42:28 Chain Barding Armor
48:11 Imperial Age
46:01 Caravan
48:51 Cavalier
50:39 Chemistry
50:00 Ballistics
50:25 Conscription
50:15 Savar
51:38 Iron Casting
53:33 Stone Shaft Mining
54:18 Plate Barding Armor
60:32 Blast Furnace
59:35 Padded Archer Armor
59:25 Fletching
62:10 Leather Archer Armor
66:27 Ring Archer Armor
65:52 Bodkin Arrow
slim Shady1318
11:28 Feudal Age
Ivan Felipe HD
4:32 Loom
10:57 Feudal Age
12:23 Wheelbarrow
11:35 Double-Bit Axe
20:45 Man-at-Arms
24:52 Arson
27:15 Scale Barding Armor
27:22 Forging
27:14 Scale Mail Armor
28:36 Gold Mining
28:37 Stone Mining
33:04 Castle Age
33:11 Pikeman
33:52 Squires
33:37 Gambesons
34:26 Light Cavalry
35:07 Husbandry
36:31 Hand Cart
38:30 Gold Shaft Mining
39:00 Chain Mail Armor
39:06 Chain Barding Armor
39:21 Iron Casting
46:06 Bow Saw
46:30 Elite Skirmisher
48:23 Padded Archer Armor
48:14 Fletching
53:51 Imperial Age
51:45 Town Watch
52:24 Masonry
51:57 Treadmill Crane
53:00 Leather Archer Armor
52:40 Bodkin Arrow
54:15 Elite Throwing Axeman
54:57 Chivalry
54:18 Ordonnance Companies
55:18 Conscription
57:02 Plate Barding Armor
56:58 Plate Mail Armor
FDAGZ
4:24 Loom
10:06 Feudal Age
10:54 Double-Bit Axe
12:30 Horse Collar
16:16 Fletching
19:04 Wheelbarrow
23:56 Castle Age
25:20 Hand Cart
25:12 Thumb Ring
24:27 Crossbowman
26:14 Bow Saw
26:11 Bodkin Arrow
32:54 Imperial Age
30:49 Ballistics
34:01 Gold Mining
34:01 Stone Mining
34:19 Bracer
33:54 Arbalester
36:31 Chemistry
37:05 Padded Archer Armor
36:30 Elite Skirmisher
36:59 Capped Ram
39:54 Town Watch
45:44 Town Patrol
46:26 Onager
51:02 Stone Shaft Mining
50:51 Masonry
50:22 Treadmill Crane
51:01 Leather Archer Armor
51:51 Conscription
51:48 Pirotechnia
53:36 Two-Man Saw
52:42 Heavy Plow
58:56 Murder Holes
63:16 Ring Archer Armor
Connection lost

Rejoining the realm…

Still unreachable

The connection could not be restored.

Session expired

The server has moved on; the page needs a fresh start.